AoeStats
← CORP_vash774

Hideout

510169411Analyzed
1v1 RM · 4d ago on Sep 29, 2026· 41m 0s· 2 players
Game mode
Random Map
Map size
Tiny (2 player)
Population
200
Speed
Normal
Resources
Standard
Victory
Conquest
Starting age
Dark Age
Ending age
Imperial Age
RankedLock teamsTeams togetherTeam positionsShared explorationLock speedFull tech treeHidden civsTurbo modeCheats
Victory
Defeat
🇲🇽 Magyars · Mexico
1082
+16
🇦🇷 Varangians · Argentina
1081
-16
CORP_vash774
0:58 Loom
11:56 Feudal Age
16:20 Castle Age
14:06 Horse Collar
16:16 Double-Bit Axe
20:40 Town Watch
21:45 Squires
22:10 Bow Saw
23:13 Pikeman
28:22 Fletching
32:41 Heavy Plow
33:50 Bloodlines
34:27 Husbandry
35:15 Scale Barding Armor
39:18 Imperial Age
38:37 Forging
40:29 Chain Barding Armor
Inhapropiado
11:02 Feudal Age
14:42 Castle Age
13:50 Double-Bit Axe
14:41 Loom
20:53 Fletching
23:12 Scale Barding Armor
26:29 Wheelbarrow
25:40 Town Watch
25:43 Horse Collar
26:27 Bow Saw
30:31 Heavy Plow
31:06 Chain Barding Armor
32:21 Hand Cart
35:34 Imperial Age
33:55 Corvinian Army
34:25 Gold Mining
34:51 Town Patrol
35:21 Ballistics
35:53 Thumb Ring
36:41 Conscription
37:29 Parthian Tactics
38:34 Two-Man Saw
37:39 Bodkin Arrow
39:56 Chemistry
38:52 Murder Holes
38:48 Guard Tower
39:59 Recurve Bow
39:59 Treadmill Crane
40:29 Heavy Cavalry Archer
41:59 Crop Rotation
42:07 Plate Barding Armor
41:33 Padded Archer Armor
Connection lost

Rejoining the realm…

Still unreachable

The connection could not be restored.

Session expired

The server has moved on; the page needs a fresh start.